 Dungeon Crawl Stone Soup version 0.31-a0-441-g867994ef1c (webtiles) character file.

Game seed: 4114256126757391678

623 CraigForest the Cudgeller (level 7, 0/43 HPs)
             Began as a Gargoyle Fighter on Aug 3, 2023.
             Slain by an orc priest
             ... wielding a +0 trident
              (6 damage)
             ... on level 5 of the Dungeon.
             The game lasted 00:15:31 (3902 turns).

CraigForest the Cudgeller (Gargoyle Fighter)        Turns: 3902, Time: 00:15:31

Health: 0/43       AC: 16    Str: 22    XL:     7   Next: 46%
Magic:  7/7        EV:  9    Int:  8    God:
Gold:   245        SH:  4    Dex:  9    Spells: 6/6 levels left

rFire   . . .        q - +2 hammer (drain)
rCold   . . .        c - +0 buckler
rNeg    + + .        b - +1 scale mail
rPois   ∞            (no helmet)
rElec   +            x - +1 cloak {Stlth+}
rCorr   .            (no gloves)
SInv    .            f - +0 pair of boots
Will    .....        (no amulet)
Stlth   +            e - ring of positive energy
HPRegen 0.27/turn    (no ring)
MPRegen 0.10/turn

%: no passive effects
@: studying Fighting
A: sickness immunity, AC +4, negative energy resistance 1, electricity
resistance, torment resistance 1, petrification resistance
a: no special abilities


You were on level 5 of the Dungeon.
You visited 1 branch of the dungeon, and saw 5 of its levels.

You collected 245 gold pieces.

Inventory:

Hand Weapons
 a - a +1 flail
 q - a +2 hammer of draining (weapon)
 v - a +2 short sword of flaming
Armour
 b - a +1 scale mail (worn)
 c - a +0 buckler (worn)
 f - a +0 pair of boots (worn)
 n - a +0 ring mail of cold resistance
 x - a +1 cloak of stealth (worn)
Jewellery
 e - a ring of positive energy (left hand)
 j - a ring of poison resistance
 u - a ring of wizardry
Talismans
 g - a beast talisman
 k - a maw talisman
Wands
 s - a wand of mindburst (14) (quivered)
 t - a wand of charming (4)
Scrolls
 l - a scroll of enchant weapon
Potions
 d - 2 potions of might
 h - 2 potions of enlightenment
 i - a potion of haste
 m - a potion of degeneration
 p - a potion of resistance
 r - a potion of lignification {unknown}
 w - a potion of attraction {unknown}


   Skills:
 - Level 4.0 Fighting
 * Level 7.1 Maces & Flails
 + Level 4.3 Armour
 + Level 3.9 Shields


You had 6 spell levels left.
You didn't know any spells.
Your spell library contained the following spells:

 Spells                   Type           Power      Damage    Failure   Level
 Sting                    Tmut/Pois      0%         1d3       80%         1
 Dazzling Flash           Conj/Hex       0%         N/A       99%         3
 Volatile Blastmotes      Fire/Tloc      0%         2d10      99%         3
 Starburst                Conj/Fire      0%         6d3       100%        6
 Maxwell's Capacitive Co  Air            0%         ∞         100%        8


Dungeon Overview and Level Annotations

Branches:
Dungeon (5/15)
 Temple: D:4-7

Altars:
Ashenzari
Fedhas


Innate Abilities, Weirdness & Mutations

You are immune to sickness and miasma.
Your stone body is resilient. (AC +4)
You are immune to poison.
You resist negative energy. (rN+)
You are resistant to electric shocks. (rElec)
You are resistant to unholy torment.
You are immune to petrification.


Message History

The orc priest mumbles some strange prayers to Beogh against you.
Beogh smites you! The orc hits you with a +0 dagger.
You are too injured to fight recklessly!
You are too injured to fight recklessly!
You hit the orc priest.
The orc priest is severely wounded.
The orc priest hits you but does no damage.
The orc priest hits you from afar with a +0 trident.
The orc hits you but does no damage.
You hit the orc priest. You drain the orc priest.
You kill the orc priest!
The orc hits you with a +0 dagger. The orc priest closely misses you.
You block the orc's attack.
You barely miss the orc. The orc hits you but does no damage.
You block the orc's attack.
You thump the orc!
You kill the orc!
You hit the scorpion.
The scorpion is moderately wounded.
The scorpion stings you but does no damage.
The orc priest invokes the aid of Beogh against you.
Beogh smites you!
* * * LOW HITPOINT WARNING * * *
The scorpion barely misses you.
You feel better. The scorpion barely misses you.
You thump the scorpion!
The scorpion is almost dead.
You block the scorpion's attack.
You hit the scorpion.
You kill the scorpion!
Your Maces & Flails skill increases to level 7!
The orc priest hits you with a +0 trident.
* * * LOW HITPOINT WARNING * * *
Things that are here:
a +0 dagger; a +0 leather armour; an orc corpse You barely miss the orc priest.
You block the orc priest's attack.
You hit the orc priest.
The orc priest is heavily wounded.
The orc priest hits you with a +0 trident.
You die...

.. #.## . ... ..
### ..# # ... #..
..##.## .... #.#
......#
.....##.##).....#
#.....@.......#
##.##.#o..#####
#. #.#...#
######.##.#...#
#.......#.#####
#.......#.#
#.........#
#.......#.#
#.......#.######


You could see an orc priest.

Vanquished Creatures
  2 scorpions
  2 hounds (D:4)
  Crazy Yiuf (D:4)
  An orc priest (D:5)
  Ijyb (D:3)
  2 iguanas (D:4)
  Natasha (thrice) (D:4)
  8 gnolls (D:4)
  7 adders
  A white imp (D:5)
  A worm (D:3)
  2 dart slugs
  5 orcs
  8 bats
  10 endoplasms
  2 giant cockroaches (D:1)
  5 goblins
  6 hobgoblins
  A quokka (D:3)
  5 ball pythons
  7 frilled lizards
  9 kobolds
  9 rats
98 creatures vanquished.

Notes
Turn   | Place    | Note
-------+----------+-------------------------------------------
     0 | D:1      | CraigForest the Gargoyle Fighter began the quest for the
                  | Orb.
     0 | D:1      | Reached XP level 1. HP: 14/14 MP: 1/1
    97 | D:1      | Reached XP level 2. HP: 19/19 MP: 2/2
   122 | D:1      | Found a faded altar of an unknown god.
   134 | D:1      | Got Plato's Almanac of Transmogrification
   512 | D:1      | Reached XP level 3. HP: 23/23 MP: 3/3
   908 | D:2      | Reached skill level 3 in Maces & Flails
  1385 | D:2      | Reached XP level 4. HP: 28/28 MP: 4/4
  2266 | D:3      | Reached skill level 4 in Maces & Flails
  2352 | D:3      | Noticed Ijyb
  2383 | D:3      | Killed Ijyb
  2384 | D:3      | Reached XP level 5. HP: 29/33 MP: 5/5
  2553 | D:4      | Reached skill level 5 in Maces & Flails
  2612 | D:4      | Found a blossoming altar of Fedhas.
  2722 | D:4      | Noticed Natasha
  2743 | D:4      | Killed Natasha
  2744 | D:4      | Reached XP level 6. HP: 38/38 MP: 6/6
  3062 | D:4      | Found a broken altar of Ashenzari.
  3080 | D:4      | Reached skill level 6 in Maces & Flails
  3099 | D:4      | Reached XP level 7. HP: 15/43 MP: 7/7
  3380 | D:4      | Found a runed translucent door.
  3381 | D:4      | Noticed Crazy Yiuf
  3387 | D:4      | Killed Crazy Yiuf
  3679 | D:4      | Noticed Natasha
  3685 | D:4      | Killed Natasha
  3756 | D:4      | Noticed Natasha
  3762 | D:4      | Killed Natasha
  3788 | D:5      | Entered Level 5 of the Dungeon
  3896 | D:5      | HP: 2/43 [orc priest/divine providence (14)]
  3900 | D:5      | Reached skill level 7 in Maces & Flails
  3902 | D:5      | Slain by an orc priest

Illustrated notes

Levels and vault maps discovered:
D:1:      tarquinn_simple_flora_water_d, layout_rooms, serial_aquarium,
          aquarium_bridge_square [aquarium_subvault_window,
          aquarium_subvault_window, aquarium_subvault_bridge,
          aquarium_subvault_wall], aquarium_bridge_straight
          [aquarium_subvault_bridge, aquarium_subvault_window,
          aquarium_subvault_bridge, aquarium_subvault_wall],
          aquarium_window_corridor_2, aquarium_window_1, aquarium_view_2e,
          aquarium_view_2a, aquarium_balcony_1b, aquarium_pool_five,
          shapermc_ecumenical_altar_rom_forum, kennysheep_crisscross
D:2:      layout_loops_ring
D:3:      layout_rooms, minmay_misc_feat_secret_circle, roderic_serpentine_path,
          minmay_increasing_density, uniq_ijyb
D:4:      layout_rooms, cheibrodos_ashenzari_chains,
          mainiacjoe_overflow_24_doors, serial_co_window_serial,
          co_window_paths_b, co_window_corner_a, co_window_paths_a,
          co_window_paths_a, co_window_corner_a, co_window_corner_a,
          co_window_paths_a, co_window_paths_a, co_window_corner_a,
          co_window_broadway_b, co_window_of_opportunity_b,
          co_window_broadway_a, co_window_corner_b, co_window_corner_b,
          glass_columns_a, glass_columns_a, glass_columns_a,
          corexii_item_surrounded_by_moat, uniq_crazy_yiuf_cottage, uniq_natasha
D:5:      layout_basic, serial_shops, shop, supply_closet_lemuel

Skill      XL: |  1  2  3  4  5  6  7 |
---------------+----------------------+-----
Maces & Flails | 3 4 5 6 7 |  7.1
Fighting       | 4 |  4.0
Armour         | 4 |  4.3
Shields        | |  3.9

Action                     |  1- 3 |  4- 6 |  7- 9 || total
---------------------------+-------+-------+-------++-------
  Melee: Flail             |   108 |   191 |     4 ||   303
         Mace              |       |       |    24 ||    24
    Use: Scroll            |     2 |    12 |       ||    14
         Potion            |       |     1 |     1 ||     2
 Armour: Scale mail        |    53 |    84 |    11 ||   148
  Dodge: Dodged            |    55 |    86 |     8 ||   149
  Block: Buckler           |    23 |    34 |     8 ||    65

Table legend: (Time is in decaauts)
 A = Elapsed time spent in this place.
 B = Non-inter-level travel time spent in this place.
 C = Inter-level travel time spent in this place.
 D = Time resting spent in this place.
 E = Time spent auto-exploring this place.
 F = Levels seen in this place.
 G = Mean time per level.
                   A        B        C        D        E       F      G
               +--------+--------+--------+--------+--------+-----+--------+
         Total |   3960 |   3022 |    938 |      0 |   2270 |   5 |  792.0 |
       Dungeon |   3960 |   3022 |    938 |      0 |   2270 |   5 |  792.0 |
               +--------+--------+--------+--------+--------+-----+--------+

Top non-repeatable levels by time:
     D:4: 1318 daAuts
     D:2: 924 daAuts
     D:1: 856 daAuts
     D:3: 745 daAuts
     D:5: 115 daAuts
